 Dungeon Crawl Stone Soup version 0.20.0-15-g7f486f2 (webtiles) character file.

4828 grindst0ne the Grappler (level 10, -3/94 HPs)
             Began as a Ghoul Monk on June 10, 2017.
             Was a Believer of Ru.
             Engulfed by a steam dragon's steam (5 damage)
             ... on level 8 of the Dungeon.
             The game lasted 00:18:29 (10624 turns).

grindst0ne the Grappler (Ghoul Monk)               Turns: 10624, Time: 00:18:30

Health: -3/94      AC: 12    Str: 16    XL:     10   Next: 49%
Magic:  9/9        EV:  8    Int:  5    God:    Ru [**....]
Gold:   345        SH:  0    Dex: 16    Spells: 9/9 levels left

rFire    . . .     SeeInvis .     - Unarmed
rCold    + . .     Gourm    .   (no shield)
rNeg     + + +     Faith    +   D - +0 chain mail
rPois    ∞         Spirit   .   (no helmet)
rElec    .         Reflect  .   y - +2 cloak {+Inv}
rCorr    .         Harm     .   p - +0 pair of gloves
MR       .....                  (no boots)
Stlth    ..........             I - amulet of faith
Regen    0.0/turn               t - +2 ring of dexterity
MPRegen  0.2/turn               (no ring)

@: rotting
A: rotting body, claws 1, carnivore 3, cold resistance 1, negative energy
resistance 3, inhibited regeneration, torment resistance, unbreathing, hated by
all, no charms magic, no poison magic, no transmutations magic
a: Renounce Religion, Evoke Invisibility


You were on level 8 of the Dungeon.
You worshipped Ru.
Ru was pleased with you.
You were not hungry.

You visited 2 branches of the dungeon, and saw 9 of its levels.

You collected 345 gold pieces.

Inventory:

Missiles
 B - a throwing net (quivered)
Armour
 a - a +0 robe
 l - a +0 leather armour
 p - a +0 pair of gloves (worn)
 y - a +2 cloak of invisibility (worn)
 A - a +0 scale mail
 D - a +0 chain mail (worn)
Jewellery
 t - a +2 ring of dexterity (left hand)
 I - an amulet of faith (around neck)
 K - an uncursed ring of see invisible {unknown}
Wands
 s - a wand of iceblast (0/15)
 M - a wand of polymorph (14/24)
Scrolls
 c - 2 scrolls of blinking {unknown}
 d - 4 scrolls of teleportation
 e - 11 scrolls of identify
 h - 2 scrolls of enchant armour {unknown}
 i - 4 scrolls of magic mapping {unknown}
 m - 2 scrolls of immolation {unknown}
 n - 2 scrolls of fog {unknown}
 u - 4 scrolls of remove curse
 v - a scroll of fear {unknown}
 x - a scroll of enchant weapon {unknown}
 E - 2 scrolls of amnesia {unknown}
 F - 3 scrolls of random uselessness {unknown}
 J - 3 scrolls of recharging {unknown}
Potions
 g - a potion of magic {unknown}
 j - a potion of mutation {unknown}
 k - 6 potions of berserk rage {unknown}
 q - a potion of flight {unknown}
 r - a potion of might {unknown}
 w - a potion of curing {unknown}
 z - a potion of haste {unknown}
 C - a potion of ambrosia {unknown}
 H - a potion of agility {unknown}
Books
 G - a book of Necromancy

   Spells                             Type                      Level
   a - Pain                           Necromancy                   1
   b - Animate Skeleton               Necromancy                   1
   c - Vampiric Draining              Necromancy                   3
   d - Regeneration                   Charms/Necromancy            3
   e - Animate Dead                   Necromancy                   4
   f - Control Undead                 Necromancy                   4
Comestibles
 b - 4 meat rations
 o - 8 royal jellies
 L - a chunk of flesh


   Skills:
 + Level 10.9 Fighting
 - Level 1.6 Armour
 - Level 2.6 Dodging
 - Level 5.2 Stealth
 + Level 11.9 Unarmed Combat


You had 9 spell levels left.
You didn't know any spells.

Dungeon Overview and Level Annotations

Branches:
Dungeon (8/15)             Temple (1/1) D:4            Lair (0/6) D:8

Altars:
Ashenzari
Cheibriados
Dithmenos
Elyvilon
Fedhas
Gozag
Hepliaklqana
Kikubaaqudgha
Makhleb
Nemelex Xobeh
Okawaru
Qazlal
Ru
Sif Muna
Trog
Uskayaw
Vehumet
Xom
Yredelemnul
Zin
The Shining One

Shops:
D:7 :


Innate Abilities, Weirdness & Mutations

Your body is rotting away.
You thrive on raw meat.
You are immune to poison.
You have sharp fingernails.
You are carnivorous and can eat meat at any time.
Your flesh is cold resistant. (rC+)
You are immune to negative energy. (rN+++)
You do not regenerate when monsters are visible.
You are immune to unholy pain and torment.
You can survive without breathing.
You are hated by all.
You cannot study or cast Charms magic.
You cannot study or cast Poison magic.
You cannot study or cast Transmutations magic.


Message History

The steam dragon claws you but does no damage.
You feel much better.
You are engulfed in a cloud of scalding steam.
* * * LOW HITPOINT WARNING * * *
The steam dragon bites you!
* * * LOW HITPOINT WARNING * * *
The steam dragon barely misses you.
You closely miss the steam dragon.
The steam dragon is heavily wounded.
The steam dragon breathes steam at you. The ball of steam hits you!
* * * LOW HITPOINT WARNING * * *
You punch the steam dragon!
The steam dragon is severely wounded.
You are engulfed in a cloud of scalding steam.
* * * LOW HITPOINT WARNING * * *
You barely miss the steam dragon.
The steam dragon is severely wounded.
You are engulfed in a cloud of scalding steam.
You die...

#....≈≈;≈≈≈≈≈≈≈≈≈≈≈
#....≈..≈≈≈.≈≈..≈≈≈
##..≈.≈..≈..≈......≈
............≈.......
####.##......#####.#
#.##.#....# .#
#....>...§## #.#
####......§###.###...
######§#..@D......
...########### #####


You could see a steam dragon.

Vanquished Creatures
  Joseph (D:7)
  A troll (D:8)
  A queen bee (D:8)
  A hippogriff (D:7)
  A hungry ghost (D:7)
  A water moccasin (D:8)
  A sky beast (D:7)
  2 phantoms
  3 ogres
  4 centaurs
  3 wolves (D:8)
  2 big kobolds
  2 bullfrogs
  A gnoll sergeant (D:8)
  4 scorpions
  A water moccasin skeleton (D:8)
  15 killer bees (D:8)
  An electric eel (D:8)
  3 howler monkeys (D:7)
  A quasit (D:7)
  A bullfrog zombie (D:7)
  4 orc priests
  Crazy Yiuf (D:3)
  9 hounds
  2 jellies
  A centaur skeleton (D:8)
  Jessica (D:3)
  An iguana (D:4)
  4 orc wizards
  9 worker ants
  A hound zombie (D:5)
  A hound skeleton (D:8)
  The ghost of murphy the Ruffian, a weakling VSTm (D:3)
  A worker ant zombie (D:7)
  6 gnolls
  7 adders
  2 shadow imps
  An ooze (D:4)
  An adder zombie (D:5)
  2 worms (D:2)
  A dart slug (D:1)
  3 leopard geckos
  19 orcs
  A ball python (D:2)
  3 giant cockroaches
  8 goblins
  3 hobgoblins
  10 jackals
  7 quokkas
  6 bats
  5 frilled lizards
  14 kobolds
  2 leopard gecko skeletons
  A leopard gecko zombie (D:7)
  18 rats
206 creatures vanquished.

Notes
Turn   | Place    | Note
-------+----------+-------------------------------------------
     0 | D:1      | grindst0ne the Ghoul Monk began the quest for the Orb.
     0 | D:1      | Reached XP level 1. HP: 19/19 MP: 0/0
    23 | D:1      | Reached XP level 2. HP: 23/26 MP: 1/1
   428 | D:1      | Reached XP level 3. HP: 26/33 MP: 2/2
   519 | D:1      | Found a shimmering altar of Xom.
   535 | D:1      | Reached skill level 4 in Unarmed Combat
  1383 | D:2      | Reached XP level 4. HP: 21/40 MP: 3/3
  2680 | D:3      | Found a runed door.
  2752 | D:3      | Noticed murphy's ghost (weakling VSTm)
  2768 | D:3      | Killed murphy's ghost
  2768 | D:3      | Reached XP level 5. HP: 37/45 MP: 4/4
  2946 | D:3      | Noticed Jessica
  2954 | D:3      | Killed Jessica
  3077 | D:3      | Noticed a centaur
  3091 | D:3      | Killed a centaur
  3091 | D:3      | Reached skill level 5 in Unarmed Combat
  3091 | D:3      | Reached XP level 6. HP: 31/53 MP: 5/5
  3235 | D:3      | Found a faded altar of an unknown god.
  3404 | D:3      | Noticed Crazy Yiuf
  3419 | D:3      | Killed Crazy Yiuf
  3920 | D:4      | Reached skill level 6 in Unarmed Combat
  4012 | D:4      | Reached skill level 1 in Armour
  4246 | D:4      | Reached skill level 5 in Stealth
  4246 | D:4      | Reached XP level 7. HP: 21/60 MP: 6/6
  4753 | D:4      | Found a staircase to the Ecumenical Temple.
  4821 | Temple   | Entered the Ecumenical Temple
  4966 | Temple   | Became a worshipper of Ru the Awakened
  4976 | Temple   | Gained mutation: You cannot study or cast Poison magic. [Ru sacrifice]
  4976 | Temple   | Gained mutation: You cannot study or cast Transmutations magic. [Ru sacrifice]
  4976 | Temple   | Gained mutation: You cannot study or cast Charms magic. [Ru sacrifice]
  4976 | Temple   | Reached * piety under Ru
  5144 | D:5      | Entered Level 5 of the Dungeon
  5262 | D:5      | Reached skill level 5 in Fighting
  5262 | D:5      | Reached skill level 7 in Unarmed Combat
  6005 | D:6      | Reached XP level 8. HP: 62/70 MP: 7/7
  6121 | D:6      | Reached skill level 8 in Unarmed Combat
  6961 | D:7      | Noticed Joseph
  7397 | D:7      | Killed Joseph
  7397 | D:7      | Reached skill level 9 in Unarmed Combat
  7397 | D:7      | Reached XP level 9. HP: 28/81 MP: 8/8
  7722 | D:7      | Found a deep blue altar of Sif Muna.
  7836 | D:7      | Gained mutation: You are hated by all. [Ru sacrifice]
  7836 | D:7      | Reached ** piety under Ru
  8199 | D:7      | Found a stormy altar of Qazlal.
  8262 | D:7      | Reached skill level 10 in Unarmed Combat
  8528 | D:7      | Found Datux's Book Shop.
  8742 | D:8      | Reached skill level 11 in Unarmed Combat
  8762 | D:8      | Reached XP level 10. HP: 19/93 MP: 9/9
  9151 | D:8      | Reached skill level 10 in Fighting
 10518 | D:8      | Found a staircase to the Lair.
 10623 | D:8      | HP: 2/94 [steam dragon] (5)]
 10624 | D:8      | Engulfed by a steam dragon's steam

Skill      XL: |  1  2  3  4  5  6  7  8  9 10 |
---------------+-------------------------------+-----
Unarmed Combat | 4 5 6 7 9 11 | 11.9
Fighting       | 4 5 7 9 10 | 10.9
Stealth        | 3 4 5 |  5.2
Armour         | 1 |  1.6
Dodging        | |  2.6

Action                   |  1- 3 |  4- 6 |  7- 9 | 10-12 || total
-------------------------+-------+-------+-------+-------++-------
Melee: Unarmed           |   117 |   188 |   473 |   173 ||   951
       Punch             |     2 |     6 |     7 |     9 ||    24
Invok: Sacrifice Arcana  |       |       |     1 |       ||     1
       Sacrifice Love    |       |       |     1 |       ||     1
Evoke: Wand              |       |       |     2 |       ||     2
  Use: Scroll            |     2 |       |     1 |       ||     3
       Potion            |       |       |       |     2 ||     2
 Stab: Sleeping          |     7 |    12 |       |       ||    19
       Distracted        |       |     1 |     2 |       ||     3
  Eat: Chunk             |     6 |     6 |    17 |     8 ||    37
Armor: Robe              |    11 |    11 |       |       ||    22
       Leather armour    |       |    14 |       |       ||    14
       Chain mail        |       |    14 |   274 |   104 ||   392
Dodge: Dodged            |    54 |    92 |   138 |    82 ||   366
